 Dungeon Sprint DCSS version 0.31-a0-431-g88bdf31460 (webtiles) character file.

Game seed: 4838219015238407218

471361 garrulousMonolith the End of an Era (level 19, 170/170 HPs)
             Began as an Octopode Shapeshifter on July 31, 2023.
             Was the Champion of Qazlal.
             Escaped with the Orb!
             The game lasted 00:25:50 (4862 turns).

garrulousMonolith the End of an Era (OpSh)          Turns: 4862, Time: 00:25:51

Health: 170/170    AC: 22    Str: 28    XL:     19   Next: 47%
Magic:  36/36      EV: 65    Int: 16    God:    Qazlal [******]
Gold:   0          SH: 13    Dex: 25    Spells: 17/18 levels left

rFire   + . .        H - melded +13 lance "Wyrmbane" {slay drac, rPois rF+ rC+ AC+3}
rCold   . . .        F - melded +18 shield of the Gong {Loud rN+ Will+ rCorr EV-5}
rNeg    + . .        l - melded +0 mask of the Dragon {Will+ Slay+3 SInv}
rPois   ∞            Y - amulet of reflection
rElec   +            w - +6 ring of strength
rCorr   .            T - ring of Hinlaxkudd {rPois Dex+6}
SInv    .            x - +6 ring of strength
Will    ++++.        t - +6 ring of dexterity
Stlth   +            Q - ring of Faphaon {*Slow Fly rN+ Will++ Slay+5}
HPRegen 0.48/turn    W - +4 ring of protection
MPRegen 0.25/turn    R - ring "Duretser" {rPois rF+ Will+}
                     r - ring of flight

%: no teleportation, slow self (1%), repel missiles, reflection
@: storm-form, flying, studying 3 skills
A: cleaving, insubstantial, flying, almost no armour, amphibious, 8 rings,
(camouflage 1), (gelatinous body 1), (nimble swimmer 1), (tentacles)
0: Orb of Zot
a: Blinkbolt, Begin Untransformation, Renounce Religion, Upheaval, Elemental
Force, Disaster Area


You escaped.
You worshipped Qazlal.
Qazlal was exalted by your worship.
You were a lightning-filled tempest!
You visited 1 branch

Inventory:

Hand Weapons
 E - the +9 staff of Olgreb {rPois∞}
   (You found it in the Dungeon)

   It enhances your poison magic.
   It grants immunity to poison.
   It can be activated via the 'a'bility menu to radiate toxic energy, with
   effectiveness depending on Evocations skill.
 G - the +11 Singing Sword {sonic wave}
   (You found it in the Dungeon)
 H - the +13 lance "Wyrmbane" (melded) {slay drac, rPois rF+ rC+ AC+3}
   (You found it in the Dungeon)

   AC:        It affects your AC (+3).
   rF:        It protects you from fire.
   rC:        It protects you from cold.
   rPois:     It protects you from poison.
 I - the +9 sword of Zonguldrok {reap}
   (You found it in the Dungeon)
 M - the +8 arc blade {discharge, rElec}
   (You found it in the Dungeon)

   rElec:     It insulates you from electricity.
 N - the +4 consecrated labrys {holy, Valiant Fragile Fly SInv}
   (You found it in the Dungeon)

   Valiant:   It becomes more powerful as more dangerous foes come into view.
   SInv:      It lets you see invisible.
   Fly:       It grants you flight.
   Fragile:   It will be destroyed if unequipped.
 S - the +3 greatsling "Punk" {acid, rCorr}
   (You found it in the Dungeon)

   rCorr:     It protects you from acid and corrosion.
Missiles
 P - 2 throwing nets
Armour
 l - the +0 mask of the Dragon (melded) {Will+ Slay+3 SInv}
   (You found it in the Dungeon)

   Slay:      It affects your accuracy & damage with ranged weapons and melee
   (+3).
   SInv:      It lets you see invisible.
   Will:      It increases your willpower.
 F - the +18 shield of the Gong (melded) {Loud rN+ Will+ rCorr EV-5}
   (You found it in the Dungeon)

   Loud:      It is deafeningly noisy when blocking attacks.
   EV:        It affects your evasion (-5).
   rN:        It protects you from negative energy.
   rCorr:     It protects you from acid and corrosion.
   Will:      It increases your willpower.
 U - the +3 warlock's mirror {omnireflect}
   (You found it in the Dungeon)

   Omnireflect: It can block and reflect piercing ranged attacks and magical
   attacks against the wielder's willpower.
Jewellery
 f - a ring of fire
 r - a ring of flight (on tentacle)
 t - a +6 ring of dexterity (on tentacle)
 u - a +6 ring of intelligence
 w - a +6 ring of strength (left tentacle)
 x - a +6 ring of strength (on tentacle)
 Q - the ring of Faphaon (on tentacle) {*Slow Fly rN+ Will++ Slay+5}
   (You found it in the Dungeon)

   [ring of flight]

   Slay:      It affects your accuracy & damage with ranged weapons and melee
   (+5).
   rN:        It protects you from negative energy.
   Fly:       It grants you flight.
   *Slow:     It may slow you when you take damage.
   Will:      It greatly increases your willpower.
 R - the ring "Duretser" (on tentacle) {rPois rF+ Will+}
   (You found it in the Dungeon)

   [ring of willpower]

   rF:        It protects you from fire.
   rPois:     It protects you from poison.
   Will:      It increases your willpower.
 T - the ring of Hinlaxkudd (right tentacle) {rPois Dex+6}
   (You found it in the Dungeon)

   [ring of dexterity]

   Dex:       It affects your dexterity (+6).
   rPois:     It protects you from poison.
 W - a +4 ring of protection (on tentacle)
 Y - an amulet of reflection (around neck)
 Z - an amulet of regeneration
Talismans
 b - a beast talisman
 s - a storm talisman (active)
 v - a granite talisman
 y - a blade talisman
 z - a maw talisman
 A - a serpent talisman
Wands
 B - a wand of mindburst (37)
 C - a wand of light (23)
 D - a wand of polymorph (5)
 J - a wand of roots (81)
 O - a wand of flame (71)
 V - a wand of charming (51)
 X - a wand of digging (15)
Scrolls
 h - 3 scrolls of blinking
 n - 4 scrolls of amnesia
 o - 8 scrolls of fog
 p - 5 scrolls of identify
 q - 2 scrolls of fear
Potions
 a - a potion of lignification
 c - 10 potions of curing
 d - 17 potions of heal wounds
 e - 6 potions of haste
 g - 3 potions of berserk rage
 i - 2 potions of brilliance
 j - a potion of invisibility
 k - 4 potions of resistance
 m - 6 potions of might
Miscellaneous
 K - a box of beasts
 L - a phantom mirror


   Skills:
 O Level 27 Fighting
 * Level 10.6 Long Blades
 - Level 18.3 Polearms
 O Level 27 Dodging
 - Level 13.8 Stealth
 O Level 27 Shields
 - Level 8.4 Unarmed Combat
 O Level 27 Invocations
 + Level 8.3 Evocations
 O Level 27 Shapeshifting


You had 17 spell levels left.
You knew the following spells:

 Your Spells              Type           Power      Damage    Failure   Level
a - Apportation           Tloc           0%         N/A       26%         1

Your spell library contained the following spells:

 Spells                   Type           Power      Damage    Failure   Level
 Freeze                   Ice            0%         1d3       26%         1
 Magic Dart               Conj           0%         1d3       26%         1
 Necrotise                Necr           0%         1d4       26%         1
 Sandblast                Erth           0%         2d4       26%         1
 Shock                    Conj/Air       0%         1d3       26%         1
 Slow                     Hex            0%         N/A       26%         1
 Sting                    Tmut/Pois      0%         1d3       26%         1
 Summon Small Mammal      Summ           0%         N/A       26%         1
 Blink                    Tloc           0%         N/A       36%         2
 Call Imp                 Summ           0%         N/A       36%         2
 Cigotuvi's Dreadful Rot  Necr/Pois/Air  0%         N/A       36%         2
 Ensorcelled Hibernation  Hex/Ice        0%         N/A       36%         2
 Lesser Beckoning         Tloc           0%         N/A       36%         2
 Momentum Strike          Conj/Tloc      0%         3d8       36%         2
 Passwall                 Tmut/Erth      0%         N/A       36%         2
 Poisonous Vapours        Pois/Air       0%         N/A       36%         2
 Scorch                   Fire           0%         2d5       36%         2
 Static Discharge         Conj/Air       0%         2-2/arc   36%         2
 Wereblood                Tmut           0%         N/A       36%         2
 Dazzling Flash           Conj/Hex       0%         N/A       58%         3
 Frozen Ramparts          Ice            0%         1d1       58%         3
 Gell's Gravitas          Tloc           0%         N/A       58%         3
 Hailstorm                Conj/Ice       0%         3d3       58%         3
 Ignite Poison            Fire/Tmut/Pois 0%         N/A       58%         3
 Mephitic Cloud           Conj/Pois/Air  0%         N/A       58%         3
 Ozocubu's Armour         Ice            0%         N/A       58%         3
 Stone Arrow              Conj/Erth      0%         3d7       58%         3
 Swiftness                Air            0%         N/A       58%         3
 Teleport Other           Tloc           0%         N/A       58%         3
 Tukima's Dance           Hex            0%         N/A       58%         3
 Vampiric Draining        Necr           0%         2d6       58%         3
 Vhi's Electric Charge    Tloc/Air       0%         N/A       58%         3
 Volatile Blastmotes      Fire/Tloc      0%         2d10      58%         3
 Airstrike                Air            0%         2d(0-16)  94%         4
 Animate Dead             Necr           0%         N/A       94%         4
 Cause Fear               Hex            0%         N/A       94%         4
 Dispel Undead            Necr           0%         3d6       94%         4
 Flame Wave               Conj/Fire      0%         2d4       94%         4
 Fulminant Prism          Conj/Hex       0%         3d5       94%         4
 Iskenderun's Mystic Bla  Conj/Tloc      0%         2d3       94%         4
 Leda's Liquefaction      Hex/Erth       0%         N/A       94%         4
 Manifold Assault         Tloc           0%         N/A       94%         4
 Olgreb's Toxic Radiance  Pois           0%         N/A       94%         4
 Passage of Golubria      Tloc           0%         N/A       94%         4
 Petrify                  Tmut/Erth      0%         N/A       94%         4
 Sticky Flame             Conj/Fire      0%         2d3       94%         4
 Summon Ice Beast         Ice/Summ       0%         N/A       94%         4
 Agony                    Necr           0%         N/A       100%        5
 Alistair's Intoxication  Tmut/Pois      0%         N/A       100%        5
 Arcjolt                  Conj/Air       0%         1d10      100%        5
 Borgnjor's Vile Clutch   Necr/Erth      0%         N/A       100%        5
 Fireball                 Conj/Fire      0%         3d3       100%        5
 Freezing Cloud           Conj/Ice/Air   0%         6-21      100%        5
 Irradiate                Conj/Tmut      0%         3d11      100%        5
 Metabolic Englaciation   Hex/Ice        0%         N/A       100%        5
 Silence                  Hex/Air        0%         N/A       100%        5
 Summon Forest            Summ/Tloc      0%         N/A       100%        5
 Summon Mana Viper        Hex/Summ       0%         N/A       100%        5
 Yara's Violent Unravell  Hex/Tmut       0%         3d3       100%        5
 Death Channel            Necr           0%         N/A       100%        6
 Dispersal                Tloc           0%         N/A       100%        6
 Eringya's Noxious Bog    Tmut/Pois      0%         4d6       100%        6
 Leda's Unmaking          Conj/Erth      0%         9d1       100%        6
 Plasma Beam              Fire/Air       0%         2x1d10    100%        6
 Simulacrum               Ice/Necr       0%         N/A       100%        6
 Starburst                Conj/Fire      0%         6d3       100%        6
 Summon Cactus Giant      Summ           0%         N/A       100%        6
 Haunt                    Necr/Summ      0%         N/A       100%        7
 Monstrous Menagerie      Summ           0%         N/A       100%        7
 Orb of Destruction       Conj           0%         9d5       100%        7
 Spellforged Servitor     Conj/Summ      0%         N/A       100%        7
 Summon Hydra             Summ           0%         N/A       100%        7
 Borgnjor's Revivificati  Necr           0%         N/A       100%        8
 Discord                  Hex            0%         N/A       100%        8
 Disjunction              Tloc           0%         N/A       100%        8
 Ignition                 Fire           0%         3d3       100%        8
 Infestation              Necr           0%         N/A       100%        8
 Lehudib's Crystal Spear  Conj/Erth      0%         10d2      100%        8
 Maxwell's Capacitive Co  Air            0%         ∞         100%        8
 Death's Door             Necr           0%         N/A       100%        9
 Dragon's Call            Summ           0%         N/A       100%        9
 Polar Vortex             Ice            0%         N/A       100%        9
 Sublimation of Blood     Necr           Unusable   N/A       N/A         2

Dungeon Overview and Level Annotations

Branches:
Dungeon (1/1)

Altars:
Ashenzari
Cheibriados
Dithmenos
Elyvilon
Fedhas
Gozag
Hepliaklqana
Kikubaaqudgha
Makhleb
Nemelex Xobeh
Okawaru
Qazlal
Ru
Sif Muna
Trog
Uskayaw
Vehumet
Wu Jian
Xom
Yredelemnul
Zin
The Shining One
Jiyva
Lugonu


Innate Abilities, Weirdness & Mutations

You are a lightning-filled tempest!
Your electrical attacks strike out in all directions at once.
You are incredibly evasive.
Your insubstantial body is immune to petrification, constriction, and being set on fire You are flying.
Your armour is entirely melded.
You are incapable of wielding weapons or throwing items.
You cannot wear most types of armour.
You are amphibious.
You can wear up to eight rings at the same time.
You are immune to poison.
((Your skin changes colour to match your surroundings (Stealth+).))
((Your rubbery body absorbs attacks. (AC +1, EV +1)))
((You are camouflaged when in or above water. (Stealth+)))
((You have tentacles for arms and can constrict up to eight enemies at once.))


Message History

J - a wand of roots (81) (gained 7 charges)
You see here the amulet "Xepri" {Spirit Int+5}.
O - a wand of flame (71) (gained 7 charges)
You see here the amulet "Xepri" {Spirit Int+5}.
You see here a book of the Warp.
You see here the +8 rapier of Qouh {drain, Will+}.
You see here a +2 spectral quarterstaff.
You see here a +0 morningstar of holy wrath.
Your pack is full.
You see here the ring "Zushosuf" {rF+ Str+6 Int-2}.
Your pack is full.
You see here the ring "Zushosuf" {rF+ Str+6 Int-2}.
Could not pick up the ring "Zushosuf" {rF+ Str+6 Int-2} here; ([A]lways) ignore it? [Y]es, [N]o, or [A]lways only, please.
Could not pick up the ring "Zushosuf" {rF+ Str+6 Int-2} here; ([A]lways) ignore it?
Autopickup disabled for rings of protection from fire.
You see here the +7 flail of Kunkexen {freeze, rElec rC+++ Str-2 Int-2}.
Things that are here:
a +1 battleaxe of freezing; the ring of Immorality {Int+2 Dex+2 SInv}
Things that are here:
a +1 battleaxe of freezing; a frost giant skeleton Partly explored, unvisited transporter.
Partly explored, unvisited transporter.
You see here a +0 battleaxe of freezing.
You see here a ring of flight.
Things that are here:
a +1 hand axe of electrocution; a +4 ring of protection; a ring of willpower You see here a staff of earth.
You see here the staff of the Evil Eye {rElec rPois Str+4 Dex-5 Air}.
There is a transporter here.
An exit appears before you!
You enter the transporter and appear at another place.
Found the Orb of Zot.
Found a staircase leading out of the dungeon.
You see here the Orb of Zot.
You pick up the Orb of Zot!
The Orb lets out a hideous shriek!
The lords of Pandemonium are not amused.
Beware!
Now all you have to do is get back out of the dungeon!
There is a staircase leading out of the dungeon here.
You have escaped!

...)....(...▓..▓.......▓..▓...8©8
.))(........▓.▓.▓.....▓.▓.▓...))[
....).......▓..▓.......▓..▓..).÷)
.()())......▓.............▓....÷.
...(†)......▓......©......▓......
............▓▓▓▓▓▓▓▓▓▓▓▓▓▓▓....÷[
▓.......▓...▓8888888888888▓....÷.
▓▓.....▓▓▓..▓8..§°.......8▓..▓...
▓.......▓...▓8..v.....©..8▓.▓....
............▓8...........8▓....©.
....©.......▓8888888888888▓▓▓▓▓▓▓
▓▓▓▓▓▓▓▓▓▓▓▓▓▓▓▓▓▓▓▓▓▓▓▓▓▓▓▓▓▓▓▓▓
....)8©8.=......▓........8©8.....
..[...|.)..).)[.▓.).|[):.).:)).[)
......[)).=.)"[.▓.).:[:|.?|[.◎[[[
.?.[.[?.?...|.|.▓..)):?◎.)).?."".
..|.............▓.......|=")|....


There were no monsters in sight!

Vanquished Creatures
  4 caustic shrikes (D)
  3 bone dragons (D)
  2 doom hounds (D)
  3 iron giants (D)
  3 Tzitzimimeh (D)
  2 Ice Fiends (D)
  10 Hell Sentinels (D)
  5 acid blobs (D)
  2 titans (D)
  2 deep elf blademasters (D)
  Polyphemus (D)
  An Executioner (D)
  Frances (D)
  Kirke (D)
  2 ancient champions (D)
  Roxanne (D)
  A draconian monk (D)
  13 shadow dragons (D)
  Aizul (D)
  Donald (D)
  6 azure jellies (D)
  4 rockslimes (D)
  A draconian knight (D)
  Louise (D)
  10 frost giants (D)
  5 ghost moths (D)
  8 quicksilver elementals (D)
  A deep elf sorcerer (D)
  3 draconian scorchers (D)
  6 fire giants (D)
  A draconian stormcaller (D)
  3 ghouls (D)
  2 emperor scorpions (D)
  3 draconian shifters (D)
  A draconian annihilator (D)
  2 very ugly things (D)
  A war gargoyle (D)
  A broodmother (D)
  10 stone giants (D)
  A quicksilver ooze (D)
  A lorocyproca (D)
  5 green draconians (D)
  A black draconian (D)
  A putrid mouth (D)
  Azrael (D)
  2 white draconians (D)
  3 yellow draconians (D)
  A spark wasp (D)
  2 purple draconians (D)
  2 red draconians (D)
  10 blizzard demons (D)
  An eidolon (D)
  3 iron golems (D)
  7 merfolk impalers (D)
  3 merfolk javelineers (D)
  2 yaktaur captains (D)
  3 ettins (D)
  4 great orbs of eyes (D)
  Erolcha (D)
  4 entropy weavers (D)
  A hydra (D)
  2 spriggan air magi (D)
  A merfolk avatar (D)
  12 vault guards (D)
  5 ice dragons (D)
  2 radroaches (D)
  A satyr (D)
  Erica (D)
  2 dancing weapons (D)
  2 merfolk aquamancers (D)
  3 jorogumos (D)
  2 boulder beetles (D)
  7 demonic crawlers (D)
  12 soul eaters (D)
  Nergalle (D)
  5 crystal echidnas (D)
  2 shadow wraiths (D)
  A wretched star (D)
  10 pharaoh ants (D)
  3 deep elf knights (D)
  A skyshark (D)
  2 sun moths (D)
  A glowing orange brain (D)
  5 steelbarb worms (D)
  A deep elf pyromancer (D)
  Pikel (D)
  2 shining eyes (D)
  A harpy (D)
  2 deep elf zephyrmancers (D)
  A wolf spider (shapeshifter) (D)
  2 ugly things (D)
  A mana viper (shapeshifter) (D)
  6 wolf spiders (D)
  A shining eye (shapeshifter) (D)
  5 cyclopes (D)
  A manticore (shapeshifter) (D)
  5 manticores (D)
  An eye of devastation (D)
  4 moths of wrath (D)
  A black mamba (D)
  8 torpor snails (D)
  A merfolk siren (D)
  2 hellions (D)
  2 smoke demons (D)
  A cane toad (D)
  3 rime drakes (D)
  Psyche (D)
  An ancient zyme (D)
  2 tormentors (D)
  A yaktaur (D)
  3 freezing wraiths (D)
  A merfolk (shapeshifter) (D)
  2 ice devils (D)
  8 hornets (D)
  A meliai (D)
  5 merfolk (D)
  6 polar bears (D)
  3 tarantellas (D)
  A dream sheep (D)
  A snapping turtle (D)
  A slime creature (shapeshifter) (D)
  16 slime creatures (D)
  5 jumping spiders (D)
  2 yaks (D)
  A water elemental (D)
  5 culicivoras (D)
  An air elemental (D)
  A ynoxinul (D)
  Eustachio (D)
  A hog (shapeshifter) (D)
  2 large abominations (D)
  2 golden eyes (D)
  A redback (shapeshifter) (D)
  5 redbacks (D)
  2 small abominations (D)
  Edmund (D)
  A water moccasin (D)
  A floating eye (D)
  4 orc warriors (D)
  8 ice beasts (D)
  2 phantoms (D)
  Blork the orc (D)
  2 necrophages (D)
  2 wights (D)
  4 quasits (D)
  2 jellies (D)
  10 orc priests (D)
  5 iron imps (D)
  An iguana (D)
  4 orc wizards (D)
  An adder (D)
  2 river rats (D)
  2 shadow imps (D)
  9 white imps (D)
  2 ufetubi (D)
  2 spectral adders (D)
  An adder zombie (D)
  8 adder skeletons (D)
  8 orcs (D)
  A spectral bat (D)
  5 bat skeletons (D)
  3 bat zombies (D)
  A hobgoblin (D)
  A jackal (D)
  2 ball pythons (D)
  A ball python simulacrum (D)
  A ball python skeleton (D)
  7 ball python zombies (D)
  2 bat simulacra (D)
  A giant cockroach simulacrum (D)
  A jackal simulacrum (D)
  2 quokka simulacra (D)
  2 quokka skeletons (D)
  2 quokka zombies (D)
  A spectral quokka (D)
520 creatures vanquished.

Vanquished Creatures (others)
  A wolf spider (D)
  A bat simulacrum (D)
2 creatures vanquished.

Grand Total: 522 creatures vanquished

Notes
Turn   | Place    | Note
-------+----------+-------------------------------------------
     0 | D        | garrulousMonolith the Octopode Shapeshifter began the quest
                  | for the Orb.
     0 | D        | Reached XP level 1. HP: 13/13 MP: 1/1
     0 | D        | Found a shimmering blue altar of Sif Muna.
     0 | D        | Found a sacrificial altar of Ru.
     0 | D        | Found a bloodstained altar of Trog.
     0 | D        | Found a stormy altar of Qazlal.
     0 | D        | Found an iron altar of Okawaru.
     0 | D        | Found a sparkling altar of Nemelex Xobeh.
     0 | D        | Found a blossoming altar of Fedhas.
     0 | D        | Found the +6 Majin-Bo {spellvamp, MP+6 Int+6}
     0 | D        | Found the +27 heavy crossbow "Sniper" {heavy, Acc+∞ SInv}
     0 | D        | Found the +10 dark maul {heavy}
     0 | D        | Found the +15 Maxwell's patent armour {-Cast -Tele rElec
                  | Will+ rCorr}
     0 | D        | Found the +18 shield of the Gong {Loud rN+ Will+ rCorr
                  | EV-5}
     0 | D        | Found the +16 obsidian axe {drain, demonic, Mesm Drain Fly
                  | SInv}
     0 | D        | Found the +7 great mace "Firestarter" {flame, immolate,
                  | rFlCloud rF++}
     0 | D        | Found the +6 shillelagh "Devastator" {shatter}
     0 | D        | Found the +11 plutonium sword {Contam Stlth-}
     0 | D        | Found the +8 lance "Wyrmbane" {slay drac, rPois rF+ rC+
                  | AC+3}
     0 | D        | Found the +9 sword of Zonguldrok {reap}
     0 | D        | Found the +13 scythe of Curses {drain, curses, Drain}
     0 | D        | Found the +9 sword of Power {lifebolt}
     0 | D        | Found the +7 mace of Variability {chaos, chaos arc}
     0 | D        | Found the +11 Singing Sword {sonic wave}
     0 | D        | Found the +8 storm bow {elec, penet}
     2 | D        | Found a transporter.
     2 | D        | Found an ancient bone altar of Kikubaaqudgha.
     2 | D        | Found a viscous altar of Jiyva.
     2 | D        | Found a corrupted altar of Lugonu.
     2 | D        | Found a hazy altar of Hepliaklqana.
     2 | D        | Found a burning altar of Makhleb.
     2 | D        | Found an opulent altar of Gozag.
   222 | D        | Became a worshipper of Qazlal Stormbringer
   231 | D        | Reached XP level 2. HP: 18/18 MP: 1/7
   292 | D        | Entered arena 2.
   292 | D        | Noticed a +3 mace of protection
   292 | D        | Noticed a deep elf pyromancer
   292 | D        | Found a transporter.
   294 | D        | Killed a +3 mace of protection
   295 | D        | Reached skill level 5 in Fighting
   295 | D        | Reached skill level 5 in Dodging
   295 | D        | Reached XP level 3. HP: 21/29 MP: 8/10
   295 | D        | Reached XP level 4. HP: 25/35 MP: 8/11
   295 | D        | Reached XP level 5. HP: 28/39 MP: 9/13
   295 | D        | Reached XP level 6. HP: 33/45 MP: 9/14
   295 | D        | Reached XP level 7. HP: 36/50 MP: 9/15
   297 | D        | Killed a deep elf pyromancer
   298 | D        | Reached XP level 8. HP: 35/57 MP: 9/17
   379 | D        | Entered arena 3.
   379 | D        | Found a transporter.
   384 | D        | Reached * piety under Qazlal
   391 | D        | Got Dixixasos's Treatise on Metamorphosis
   420 | D        | Entered arena 4.
   420 | D        | Found a transporter.
   423 | D        | Reached ** piety under Qazlal
   479 | D        | Entered arena 5.
   479 | D        | Found a transporter.
   484 | D        | Reached *** piety under Qazlal
   505 | D        | Entered arena 6.
   505 | D        | Found a transporter.
   509 | D        | Reached **** piety under Qazlal
   524 | D        | Entered arena 7.
   524 | D        | Noticed a smoke demon
   524 | D        | Noticed a smoke demon
   524 | D        | Noticed a wretched star
   525 | D        | Found a transporter.
   527 | D        | Killed a smoke demon
   527 | D        | Reached ***** piety under Qazlal
   528 | D        | Reached XP level 9. HP: 64/64 MP: 11/18
   528 | D        | Killed a smoke demon
   532 | D        | Killed a wretched star
   598 | D        | Got the amulet "Bucile Suorph" {Reflect +Blink rC- Will+
                  | Dex+3 SH+5}
   607 | D        | Entered arena 8.
   608 | D        | Found a transporter.
   695 | D        | Got the Anthology of Coordinates
   701 | D        | Entered arena 9.
   702 | D        | Found a transporter.
   704 | D        | Reached skill level 1 in Stealth
   704 | D        | Reached skill level 10 in Shapeshifting
   765 | D        | Entered arena 10.
   765 | D        | Found the +3 warlock's mirror {omnireflect}
   766 | D        | Found a transporter.
   768 | D        | Reached ****** piety under Qazlal
   837 | D        | Got Ithiezxa's Handbook of Inconstant Malediction
   841 | D        | Entered arena 11.
   842 | D        | Found a transporter.
   844 | D        | Reached XP level 10. HP: 65/73 MP: 9/21
   941 | D        | Got the ring of Hinlaxkudd {rPois Dex+6}
   945 | D        | Entered arena 12.
   945 | D        | Noticed a +0 long sword of electrocution
   945 | D        | Noticed a deep elf zephyrmancer
   945 | D        | Noticed a deep elf knight
   945 | D        | Noticed a deep elf zephyrmancer
   945 | D        | Noticed a deep elf knight
   946 | D        | Noticed a deep elf blademaster
   946 | D        | Noticed a deep elf knight
   946 | D        | Noticed a deep elf sorcerer
   946 | D        | Noticed a deep elf blademaster
   947 | D        | Killed a +0 long sword of electrocution
   947 | D        | Killed a deep elf knight
   947 | D        | Killed a deep elf knight
   948 | D        | Reached skill level 15 in Invocations
   948 | D        | Killed a deep elf knight
   948 | D        | Killed a deep elf zephyrmancer
   948 | D        | Killed a deep elf zephyrmancer
   949 | D        | Reached XP level 11. HP: 81/81 MP: 5/23
   950 | D        | Killed a deep elf sorcerer
   950 | D        | Killed a deep elf blademaster
   951 | D        | Reached skill level 10 in Fighting
   951 | D        | Reached skill level 10 in Dodging
   951 | D        | Reached skill level 5 in Shields
   953 | D        | Killed a deep elf blademaster
  1029 | D        | Found a transporter.
  1141 | D        | Got the Encyclopedia of the Rattlesnake
  1171 | D        | Entered arena 13.
  1171 | D        | Noticed a spriggan air mage
  1171 | D        | Noticed a spriggan air mage
  1171 | D        | Noticed a six-headed hydra
  1172 | D        | Noticed a skyshark
  1173 | D        | Killed a spriggan air mage
  1173 | D        | Killed a spriggan air mage
  1173 | D        | Killed a skyshark
  1173 | D        | Killed a six-headed hydra
  1174 | D        | Reached skill level 10 in Stealth
  1174 | D        | Reached XP level 12. HP: 67/90 MP: 9/25
  1257 | D        | Found a transporter.
  1389 | D        | Entered arena 14.
  1389 | D        | Noticed a brown very ugly thing
  1390 | D        | Noticed a purple very ugly thing
  1390 | D        | Found the +8 arc blade {discharge, rElec}
  1392 | D        | Killed a purple very ugly thing
  1392 | D        | Killed a brown very ugly thing
  1396 | D        | Found a transporter.
  1413 | D        | Got the Compilation of Sandy Invitation
  1473 | D        | Entered arena 15.
  1474 | D        | Noticed a shadow dragon
  1474 | D        | Noticed a soul eater
  1474 | D        | Noticed a soul eater
  1475 | D        | Killed a soul eater
  1478 | D        | Killed a soul eater
  1482 | D        | Killed a shadow dragon
  1547 | D        | Found a transporter.
  1575 | D        | Entered arena 16.
  1575 | D        | Noticed a merfolk impaler
  1575 | D        | Noticed a merfolk aquamancer
  1576 | D        | Identified the +6 falchion of Naxodeq {vamp, Int+3}
  1576 | D        | Noticed a merfolk aquamancer
  1576 | D        | Noticed a merfolk impaler
  1576 | D        | Identified the +1 buckler of Tufedaucs {rN+ Regen+ Str+3}
  1576 | D        | Noticed a merfolk impaler
  1576 | D        | Noticed a merfolk impaler
  1577 | D        | Noticed a merfolk impaler
  1577 | D        | Noticed a merfolk impaler
  1577 | D        | Killed a merfolk impaler
  1577 | D        | Killed a merfolk impaler
  1577 | D        | Killed a merfolk aquamancer
  1577 | D        | Killed a merfolk aquamancer
  1577 | D        | Killed a merfolk impaler
  1577 | D        | Killed a merfolk impaler
  1578 | D        | Reached skill level 15 in Shapeshifting
  1578 | D        | Reached XP level 13. HP: 98/98 MP: 17/27
  1578 | D        | Killed a merfolk impaler
  1578 | D        | Killed a merfolk impaler
  1669 | D        | Found a transporter.
  1814 | D        | Entered arena 17.
  1816 | D        | Noticed a merfolk impaler
  1816 | D        | Identified the +5 demon blade of Lunobb {venom, Fragile rN+
                  | Str+2}
  1816 | D        | Noticed a merfolk javelineer
  1816 | D        | Noticed a merfolk javelineer
  1818 | D        | Killed a merfolk javelineer
  1818 | D        | Noticed a merfolk javelineer
  1819 | D        | Killed a merfolk javelineer
  1820 | D        | Reached skill level 10 in Shields
  1828 | D        | Killed a merfolk impaler
  1829 | D        | Killed a merfolk javelineer
  1927 | D        | Found a transporter.
  1936 | D        | Got Sif Muna's Encyclopedia of the Felsic Figure
  1961 | D        | Entered arena 18.
  1963 | D        | Noticed a shadow dragon
  1963 | D        | Noticed a vault guard
  1963 | D        | Noticed a vault guard
  1963 | D        | Noticed a vault guard
  1963 | D        | Noticed a vault guard
  1963 | D        | Noticed a vault guard
  1963 | D        | Noticed a vault guard
  1964 | D        | Noticed a vault guard
  1964 | D        | Noticed a stone giant
  1964 | D        | Identified the +1 plate armour "Pado" {Regen+}
  1964 | D        | Noticed a vault guard
  1964 | D        | Noticed a vault guard
  1964 | D        | Noticed a vault guard
  1964 | D        | Identified the +9 short sword of the Living Dead {freeze,
                  | Will+ Str+2 Int+3 Dex-2}
  1964 | D        | Noticed a yaktaur captain
  1964 | D        | Noticed a yaktaur captain
  1964 | D        | Noticed a vault guard
  1964 | D        | Noticed a vault guard
  1965 | D        | Killed a vault guard
  1965 | D        | Killed a vault guard
  1965 | D        | Killed a vault guard
  1965 | D        | Killed a vault guard
  1965 | D        | Killed a vault guard
  1965 | D        | Killed a vault guard
  1965 | D        | Killed a vault guard
  1965 | D        | Killed a vault guard
  1965 | D        | Killed a yaktaur captain
  1965 | D        | Killed a yaktaur captain
  1965 | D        | Noticed a shadow dragon
  1966 | D        | Reached XP level 14. HP: 108/108 MP: 19/28
  1970 | D        | Killed a stone giant
  1970 | D        | Killed a shadow dragon
  1971 | D        | Killed a shadow dragon
  2151 | D        | Found a transporter.
  2264 | D        | Entered arena 19.
  2265 | D        | Noticed an Executioner
  2267 | D        | Found the +4 consecrated labrys {holy, Valiant Fragile Fly
                  | SInv}
  2267 | D        | Identified the +6 hand axe "Enwygoiw" {freeze, rC+}
  2269 | D        | Reached skill level 15 in Dodging
  2269 | D        | Killed a lorocyproca
  2270 | D        | Reached skill level 15 in Fighting
  2272 | D        | Killed an Executioner
  2310 | D        | Found a transporter.
  2352 | D        | Entered arena 20.
  2356 | D        | Noticed Pikel
  2356 | D        | Noticed Blork the orc
  2356 | D        | Noticed Sigmund
  2356 | D        | Noticed Aizul
  2356 | D        | Noticed Kirke
  2356 | D        | Noticed Psyche
  2356 | D        | Noticed Edmund
  2356 | D        | Noticed Azrael
  2357 | D        | Noticed Eustachio
  2357 | D        | Noticed Louise
  2357 | D        | Noticed Donald
  2357 | D        | Noticed Erolcha
  2357 | D        | Noticed Erica
  2357 | D        | Noticed Polyphemus
  2357 | D        | Noticed Frances
  2357 | D        | Found the +3 robe of Clouds {*Thunder rCloud rElec}
  2357 | D        | Sigmund changed into Sigmund the hobgoblin
  2357 | D        | Noticed Sigmund
  2357 | D        | Noticed Nergalle
  2358 | D        | Killed Pikel
  2358 | D        | Killed Blork the orc
  2358 | D        | Killed Azrael
  2358 | D        | Killed Edmund
  2358 | D        | Killed Sigmund the hobgoblin
  2358 | D        | Killed Psyche
  2358 | D        | Killed Nergalle
  2358 | D        | Killed Erolcha
  2358 | D        | Killed Erica
  2358 | D        | Killed Kirke
  2359 | D        | Killed Aizul
  2359 | D        | Killed Donald
  2359 | D        | Killed Louise
  2359 | D        | Killed Eustachio
  2359 | D        | Killed Frances
  2360 | D        | Noticed Roxanne
  2360 | D        | Found the +1 cloak of Starlight {*Dazzle EV+4 Stlth--}
  2360 | D        | Killed Polyphemus
  2366 | D        | Found a transporter.
  2377 | D        | Killed Roxanne
  2673 | D        | Learned a level 1 spell: Apportation
  2674 | D        | Entered arena 21.
  2677 | D        | Noticed a black draconian
  2678 | D        | Noticed a purple draconian
  2678 | D        | Noticed a green draconian
  2678 | D        | Noticed a purple draconian
  2678 | D        | Noticed a red draconian
  2678 | D        | Noticed a green draconian
  2678 | D        | Noticed a green draconian
  2678 | D        | Noticed a green draconian
  2678 | D        | Noticed a green draconian
  2678 | D        | Noticed a yellow draconian
  2679 | D        | Noticed a yellow draconian
  2679 | D        | Noticed a black draconian knight
  2679 | D        | Noticed a red draconian scorcher
  2679 | D        | Noticed a green draconian monk
  2679 | D        | Noticed a red draconian scorcher
  2679 | D        | Noticed a white draconian
  2679 | D        | Noticed a purple draconian shifter
  2679 | D        | Identified the +11 mace of Distant Worlds {drain, rPois}
  2679 | D        | Noticed a yellow draconian
  2679 | D        | Noticed a red draconian scorcher
  2679 | D        | Identified the +2 short sword of Nomuyrch {vamp, rN+ Int-4
                  | Dex+4}
  2679 | D        | Noticed a white draconian
  2679 | D        | Identified the amulet "Daucola" {RegenMP rElec MP+9}
  2679 | D        | Noticed a purple draconian shifter
  2679 | D        | Noticed a purple draconian shifter
  2680 | D        | Noticed a red draconian
  2680 | D        | Noticed a yellow draconian annihilator
  2681 | D        | Noticed a white draconian stormcaller
  2681 | D        | Found a transporter.
  2682 | D        | Killed a black draconian
  2684 | D        | Killed a white draconian
  2684 | D        | Killed a green draconian
  2685 | D        | Killed a yellow draconian
  2685 | D        | Killed a green draconian
  2685 | D        | Killed a yellow draconian
  2685 | D        | Killed a green draconian
  2685 | D        | Killed a purple draconian shifter
  2685 | D        | Killed a purple draconian shifter
  2685 | D        | Killed a purple draconian
  2685 | D        | Killed a red draconian
  2685 | D        | Killed a purple draconian
  2685 | D        | Killed a white draconian stormcaller
  2685 | D        | Killed a red draconian
  2685 | D        | Killed a white draconian
  2685 | D        | Killed a yellow draconian
  2685 | D        | Killed a yellow draconian annihilator
  2685 | D        | Killed a green draconian
  2686 | D        | Reached XP level 15. HP: 98/119 MP: 13/31
  2688 | D        | Killed a green draconian monk
  2689 | D        | Killed a purple draconian shifter
  2689 | D        | Killed a red draconian scorcher
  2689 | D        | Killed a red draconian scorcher
  2689 | D        | Killed a black draconian knight
  2690 | D        | Killed a red draconian scorcher
  2804 | D        | Entered arena 22.
  2806 | D        | Noticed a fire giant
  2806 | D        | Noticed a titan
  2807 | D        | Noticed a fire giant
  2807 | D        | Noticed a fire giant
  2808 | D        | Noticed a frost giant
  2808 | D        | Noticed a fire giant
  2809 | D        | Noticed a frost giant
  2809 | D        | Killed a fire giant
  2809 | D        | Killed a fire giant
  2809 | D        | Killed a frost giant
  2809 | D        | Killed a titan
  2809 | D        | Killed a fire giant
  2809 | D        | Killed a titan
  2809 | D        | Killed a frost giant
  2809 | D        | Killed a fire giant
  2809 | D        | Killed a fire giant
  2810 | D        | Reached skill level 15 in Shields
  2810 | D        | Reached XP level 16. HP: 129/129 MP: 23/33
  2814 | D        | Reached skill level 27 in Invocations
  2860 | D        | Found a transporter.
  2875 | D        | Got the Almanac of Thunder and the Compass
  2936 | D        | Entered arena 23.
  3021 | D        | Found the +7 captain's cutlass {speed, disarm}
  3023 | D        | Found a transporter.
  3030 | D        | Got the ring "Duretser" {rPois rF+ Will+}
  3188 | D        | Entered arena 24.
  3193 | D        | Noticed a Hell Sentinel
  3193 | D        | Noticed a Hell Sentinel
  3193 | D        | Noticed an iron giant
  3193 | D        | Noticed a Hell Sentinel
  3193 | D        | Noticed an ancient champion
  3193 | D        | Noticed a Hell Sentinel
  3194 | D        | Noticed a caustic shrike
  3194 | D        | Noticed an iron giant
  3194 | D        | Noticed an ancient champion
  3195 | D        | Killed a Hell Sentinel
  3195 | D        | Killed an ancient champion
  3195 | D        | Killed an iron giant
  3195 | D        | Killed an iron giant
  3195 | D        | Killed a caustic shrike
  3195 | D        | Killed a Hell Sentinel
  3195 | D        | Killed an ancient champion
  3195 | D        | Killed a Hell Sentinel
  3195 | D        | Noticed a caustic shrike
  3195 | D        | Noticed a Hell Sentinel
  3196 | D        | Killed a caustic shrike
  3196 | D        | Killed a caustic shrike
  3196 | D        | Noticed a caustic shrike
  3197 | D        | Reached XP level 17. HP: 140/140 MP: 10/34
  3197 | D        | Killed a Hell Sentinel
  3197 | D        | Killed a caustic shrike
  3197 | D        | Killed a Hell Sentinel
  3197 | D        | Killed a Hell Sentinel
  3197 | D        | Noticed a Hell Sentinel
  3198 | D        | Noticed an iron giant
  3198 | D        | Found the +0 mask of the Dragon {Will+ Slay+3 SInv}
  3198 | D        | Noticed a Hell Sentinel
  3199 | D        | Noticed a Hell Sentinel
  3200 | D        | Noticed a Hell Sentinel
  3200 | D        | Found the -2 hat of the Alchemist {rElec rPois rF+ rC+ rN+
                  | Will+ rMut rCorr}
  3204 | D        | Killed a Hell Sentinel
  3205 | D        | Killed an iron giant
  3207 | D        | Killed a Hell Sentinel
  3210 | D        | Killed a Hell Sentinel
  3211 | D        | Reached skill level 15 in Polearms
  3213 | D        | Killed a Hell Sentinel
  3355 | D        | Found a transporter.
  3361 | D        | Found the +9 staff of Olgreb {rPois∞}
  3390 | D        | Got the Papyrus of the Conjured Brume
  3520 | D        | Entered arena 25.
  3525 | D        | Noticed an acid blob
  3527 | D        | Killed an acid blob
  3528 | D        | Noticed an acid blob
  3528 | D        | Noticed an acid blob
  3529 | D        | Noticed an acid blob
  3529 | D        | Noticed an acid blob
  3530 | D        | Killed an acid blob
  3530 | D        | Killed an acid blob
  3530 | D        | Killed an acid blob
  3531 | D        | Killed an acid blob
  3532 | D        | Reached XP level 18. HP: 152/152 MP: 3/35
  3629 | D        | Found a transporter.
  3793 | D        | Entered arena 26.
  3800 | D        | Noticed a doom hound
  3801 | D        | Noticed a doom hound
  3801 | D        | Noticed a bone dragon
  3801 | D        | Noticed a Tzitzimitl
  3802 | D        | Noticed a bone dragon
  3802 | D        | Noticed a bone dragon
  3803 | D        | Killed a doom hound
  3803 | D        | Killed a doom hound
  3803 | D        | Killed a bone dragon
  3803 | D        | Killed a Tzitzimitl
  3803 | D        | Killed a bone dragon
  3803 | D        | Noticed a Tzitzimitl
  3804 | D        | Reached skill level 27 in Shapeshifting
  3811 | D        | Killed a bone dragon
  3815 | D        | Noticed a Tzitzimitl
  3816 | D        | Killed a Tzitzimitl
  3817 | D        | Found the +3 greatsling "Punk" {acid, rCorr}
  3818 | D        | Killed a Tzitzimitl
  3940 | D        | Found a transporter.
  3980 | D        | Got the Parchment of Striking
  4110 | D        | Got the ring of Faphaon {*Slow Fly rN+ Will++ Slay+5}
  4185 | D        | Entered arena 27.
  4232 | D        | Reached XP level 19. HP: 169/169 MP: 0/36
  4355 | D        | Found a transporter.
  4359 | D        | Found the +8 Wrath of Trog {antimagic, *Rage Rampage}
  4395 | D        | Got the Almanac of Hiemal Calefaction
  4406 | D        | Got the Teachings on Chthonic Voltage
  4410 | D        | Got the Spellbook of Foul Battle Magic
  4529 | D        | Entered arena 28.
  4547 | D        | Noticed an Ice Fiend
  4552 | D        | Identified the ring "Wyuditz" {Will+ Str+3}
  4555 | D        | Reached skill level 27 in Fighting
  4555 | D        | Reached skill level 27 in Dodging
  4556 | D        | Killed an Ice Fiend
  4562 | D        | Noticed an Ice Fiend
  4564 | D        | Reached skill level 27 in Shields
  4571 | D        | Killed an Ice Fiend
  4573 | D        | Reached skill level 10 in Long Blades
  4750 | D        | Found a transporter.
  4771 | D        | Got the Elucidation of Distance
  4857 | D        | Got the Orb of Zot
  4862 | D        | Escaped with the Orb!

Illustrated notes

Levels and vault maps discovered:
D:        sprint_v [room_start, room_1, room_2, room_3, room_4, room_5, room_6,
          room_7, room_8, room_9, room_10, room_11, room_12, room_13, room_14,
          room_15, room_16, room_17, room_18, room_19, room_20, room_21,
          room_22, room_23, room_24, room_25, room_26, room_27]

Skill      XL: |  1  2  3  4  5  6  7  8  9 10 11 12 13 14 15 16 17 18 19 |
---------------+----------------------------------------------------------+-----
Invocations    | 8 11 12 13 14 16 18 20 21 25 26 27 | 27.0
Fighting       | 5 6 7 8 9 11 12 14 16 18 20 22 26 27 | 27.0
Dodging        | 5 6 7 8 9 11 12 14 16 18 20 22 26 27 | 27.0
Unarmed Combat | 6 7 8 |  8.4
Shapeshifting  | 6 7 8 10 11 13 15 16 19 21 23 25 27 | 27.0
Stealth        | 3 7 10 13 | 13.8
Shields        | 4 6 9 11 14 15 18 20 25 27 | 27.0
Polearms       | 12 18 | 18.3
Long Blades    | 10 | 10.6
Evocations     | 8 |  8.3

Action                     |  1- 3 |  4- 6 |  7- 9 | 10-12 | 13-15 | 16-18 | 19-21 || total
---------------------------+-------+-------+-------+-------+-------+-------+-------++-------
  Melee: Double sword      |     2 |       |    25 |     4 |       |       |       ||    31
         Constrict         |     1 |       |     2 |     2 |     7 |     7 |    11 ||    30
         Tentacles         |     1 |       |       |     3 |     7 |    36 |    16 ||    63
         Lance             |       |       |       |    11 |    28 |   101 |    35 ||   175
         Maw               |       |       |       |     3 |     4 |       |       ||     7
         Punch             |       |       |       |     1 |     3 |     8 |     8 ||    20
         Unarmed           |       |       |       |       |       |       |    18 ||    18
 Invoke: Upheaval          |       |       |     4 |       |     3 |     1 |       ||     8
         Disaster Area     |       |       |     4 |     9 |    16 |    16 |     5 ||    50
         Elemental Force   |       |       |       |       |     1 |       |       ||     1
Ability: Blinkbolt         |       |       |       |       |       |       |     1 ||     1
  Evoke: Wand              |       |       |     2 |       |       |       |       ||     2
    Use: Potion            |     1 |       |       |     1 |     2 |     6 |     4 ||    14
         Scroll            |       |       |       |       |       |     2 |       ||     2
   Stab: Sleeping          |       |       |     1 |       |       |       |       ||     1
         Distracted        |       |       |       |       |     1 |       |       ||     1
         Invisible         |       |       |       |       |       |     7 |     1 ||     8
 Armour: Skin              |       |       |     2 |       |    25 |    45 |     5 ||    77
  Dodge: Dodged            |       |       |     4 |     2 |    28 |   200 |    73 ||   307
         Repelled          |       |       |       |       |       |     5 |     2 ||     7
  Block: Kite shield       |     3 |       |    34 |    24 |    93 |   304 |    84 ||   542
         Reflection        |       |       |       |       |    14 |    13 |       ||    27
         Other             |       |       |       |       |       |       |    17 ||    17
   Form: Maw               |     2 |       |     1 |       |       |       |       ||     3
         Beast             |     2 |       |       |       |       |       |       ||     2
         Blade             |     1 |       |       |       |       |       |     1 ||     2
         Anaconda          |     1 |       |       |       |       |       |       ||     1
         Statue            |       |       |       |       |     1 |     1 |     1 ||     3
         Storm             |       |       |       |       |       |     1 |     2 ||     3

Table legend: (Time is in decaauts)
 A = Elapsed time spent in this place.
 B = Non-inter-level travel time spent in this place.
 C = Inter-level travel time spent in this place.
 D = Time resting spent in this place.
 E = Time spent auto-exploring this place.
 F = Levels seen in this place.
 G = Mean time per level.
                   A        B        C        D        E       F      G
               +--------+--------+--------+--------+--------+-----+--------+
         Total |   5734 |   5732 |      2 |   3230 |    530 |   1 | 5734.0 |
       Dungeon |   5734 |   5732 |      2 |   3230 |    530 |   1 | 5734.0 |
               +--------+--------+--------+--------+--------+-----+--------+

Top non-repeatable levels by time:
       D: 5734 daAuts
